 Dungeon Crawl Stone Soup version 0.31.0-32-g396128a36d (webtiles) character file.

Game seed: 8539964599326349035

6681 DasBelly the Grappler (level 10, 0/88 HPs)
             Began as a White Draconian Shapeshifter on Apr 25, 2024.
             Was an Initiate of Gozag.
             Slain by a vampire (8 damage)
             ... on level 10 of the Dungeon.
             The game lasted 00:24:17 (9032 turns).

DasBelly the Grappler (DrSh)                        Turns: 9032, Time: 00:24:19

Health: 0/88       AC:  8    Str: 20    XL:     10   Next: 73%
Magic:  10/10      EV: 18    Int: 11    God:    Gozag
Gold:   1621       SH:  0    Dex: 11    Spells: 3/9 levels left

rFire   . .          .
                       - Unarmed
rCold   + . .        y - melded +1 buckler
rNeg    . . .        (body armour unavailable)
rPois   +            D - +1 hat "Veppus" {-Cast Rampage rElec rPois}
rElec   +            (no cloak)
rCorr   .            (no gloves)
SInv    .            (no boots)
Will    .....        p - amulet of the acrobat
Stlth   +            (no ring)
HPRegen 0.34/turn    (no ring)
MPRegen 0.12/turn

%: no spellcasting, acrobat, rampage
@: flux-form, glowing
A: glow, contaminating, breathe frost, AC +7, unfitting armour, cold resistance
1, cold-blooded
a: Breathe Frost, Begin Untransformation, Renounce Religion, Potion Petition,
Call Merchant, Bribe Branch


You were on level 10 of the Dungeon.
You worshipped Gozag.
Gozag was most pleased with you.
You were something dangerously unstable.
You visited 2 branches of the dungeon, and saw 11 of its levels.

You collected 1701 gold pieces.
You spent 33 gold pieces at shops.
You paid 47 gold pieces to Gozag.

Inventory:

Hand Weapons
 t - the +7 quarterstaff "Hicrog" {antimagic, rElec Int+4}
   (You found it on level 6 of the Dungeon)

   Int+4:     It affects your intelligence (+4).
   rElec:     It insulates you from electricity.
Missiles
 q - a throwing net (quivered)
Armour
 y - a +1 buckler (melded)
 C - a +2 hat
 D - the +1 hat "Veppus" (worn) {-Cast Rampage rElec rPois}
   (You found it on level 9 of the Dungeon)

   rElec:     It insulates you from electricity.
   rPois:     It protects you from poison -Cast: It prevents spellcasting.
   Rampage:   It bestows one free step when moving towards enemies.
Jewellery
 p - an amulet of the acrobat (around neck)
 z - an amulet of magic regeneration
Talismans
 b - a beast talisman
 c - a flux talisman (active)
 h - a maw talisman
Wands
 d - a wand of flame (51)
 j - a wand of digging (4)
 o - a wand of polymorph (14)
Scrolls
 a - 2 scrolls of poison
 f - 2 scrolls of fear
 i - 4 scrolls of amnesia
 m - a scroll of teleportation
 n - a scroll of torment
 r - 2 scrolls of blinking
 s - 2 scrolls of brand weapon
 v - a scroll of acquirement {unknown}
 x - a scroll of summoning
Potions
 g - a potion of enlightenment {unknown}
 k - a potion of invisibility {unknown}
 l - a potion of curing
 u - 2 potions of might {unknown}
 w - a potion of lignification
 A - a potion of brilliance {unknown}
 B - a potion of magic {unknown}


   Skills:
 - Level 8.0 Fighting
 - Level 6.0 Dodging
 - Level 4.0 Shields
 - Level 10.0 Unarmed Combat
 + Level 6.0 Ice Magic
 - Level 7.0 Shapeshifting


You had 3 spell levels left.
You knew the following spells:

 Your Spells              Type           Power      Damage    Failure   Level
a - Frozen Ramparts       Ice            26%        1d4       9%          3
b - Hailstorm             Conj/Ice       6%         3d5       30%         3

Your spell library contained the following spells:

 Spells                   Type           Power      Damage    Failure   Level
 Freeze                   Ice            52%        1d6       3%          1
 Ozocubu's Armour         Ice            13%        N/A       9%          3
 Apportation              Tloc           0%         N/A       34%         1
 Magic Dart               Conj           0%         1d3       34%         1
 Shock                    Conj/Air       0%         1d3       34%         1
 Blink                    Tloc           0%         N/A       47%         2
 Call Imp                 Summ           0%         N/A       47%         2
 Jinxbite                 Hex            0%         N/A       47%         2
 Lesser Beckoning         Tloc           0%         N/A       47%         2
 Sublimation of Blood     Necr           0%         N/A       47%         2
 Gell's Gravitas          Tloc           0%         N/A       71%         3
 Inner Flame              Hex/Fire       0%         N/A       71%         3
 Stone Arrow              Conj/Erth      0%         3d7       71%         3
 Swiftness                Air            0%         N/A       71%         3
 Teleport Other           Tloc           0%         N/A       71%         3
 Vampiric Draining        Necr           0%         2d6       71%         3
 Metabolic Englaciation   Hex/Ice        3%         N/A       96%         5
 Airstrike                Air            0%         2d(0-16)  98%         4
 Martyr's Knell           Necr/Summ      0%         N/A       98%         4
 Petrify                  Alch/Erth      0%         N/A       98%         4
 Alistair's Intoxication  Alch           0%         N/A       100%        5
 Curse of Agony           Necr           0%         N/A       100%        5
 Irradiate                Conj/Alch      0%         3d11      100%        5
 Sculpt Simulacrum        Ice/Alch       3%         N/A       100%        6
 Ignition                 Fire           0%         3d3       100%        8
 Lehudib's Crystal Spear  Conj/Erth      0%         10d2      100%        8
 Animate Armour           Summ/Erth      Unusable   N/A       N/A         4

Dungeon Overview and Level Annotations

Branches:
Dungeon (10/15)            Temple (1/1) D:4            Lair (0/5) D:8
    Orc: D:9-12

Altars:
Ashenzari
Cheibriados
Dithmenos
Elyvilon
Fedhas
Gozag
Hepliaklqana
Kikubaaqudgha
Makhleb
Nemelex Xobeh
Okawaru
Qazlal
Ru
Sif Muna
Trog
Uskayaw
Vehumet
Wu Jian
Yredelemnul
Zin
The Shining One
Lugonu

Shops:
D:2 (   D:5 =   D:8 *

Annotations:
D:9 2 transporters


Innate Abilities, Weirdness & Mutations

You are something dangerously unstable.
You glow with magical radiation, making you easy to see and hit.
Foes you strike become dangerously contaminated with magical radiation.
You are incapable of wielding weapons or throwing items.
You can breathe waves of freezing cold which knock back foes.
Your icy white scales are hard. (AC +7)
You cannot fit into any form of body armour.
Your flesh is cold resistant. (rC+)
You are cold-blooded and may be slowed by cold attacks.


Message History

Something draws strength from your injuries!
You closely miss something. Something barely misses you. x2
You miss something. Something hits you!
* * * LOW HITPOINT WARNING * * *
Something bites you.
* * * LOW HITPOINT WARNING * * *
Something draws strength from your injuries!
Unknown command.
You feel much better. Something hits you but does no damage.
Something bites you but does no damage.
You closely miss something. Something hits you but does no damage.
Something bites you.
Something draws strength from your injuries!
You hit something.
The vampire begins to glow.
The vampire is lightly damaged.
You punch the vampire!
The vampire glows dangerously bright.
The vampire is moderately damaged.
The vampire misses you. The vampire barely misses you.
You hit the vampire but do no damage.
The vampire shudders as magic cascades through it!
Something hits you!
* * * LOW HITPOINT WARNING * * *
Something bites you.
* * * LOW HITPOINT WARNING * * *
Something draws strength from your injuries!
You feel better. Something draws life force from you!
* * * LOW HITPOINT WARNING * * *
You feel better. Something hits you.
* * * LOW HITPOINT WARNING * * *
Something bites you.
* * * LOW HITPOINT WARNING * * *
Something draws strength from your injuries!
Okay, then.
Aiming: Polymorph
Press: ? - help, Shift-Dir - straight line Nothing appears to happen.
Something hits you!
* * * LOW HITPOINT WARNING * * *
Something bites you!
You die...
Your body crumbles into a pile of gold.

#####
#########...####+##
#.................#
#.................#
#..........)......#
#...{p............#
########.##.<.....#
........#.....####
........#.###.#
.......>#. .#
.......##. #
....... #. ......#
#. ######


There were no monsters in sight!

Vanquished Creatures
  2 deep elf pyromancers (D:9)
  2 hornets
  Grinder (D:4)
  3 wyverns
  14 yaks
  A steam dragon (D:9)
  3 water moccasins
  4 ice beasts
  A sky beast (D:7)
  2 orc warriors (D:9)
  A centaur (D:9)
  A phantom (D:6)
  2 kobold brigands
  2 bullfrogs
  Blork the orc (D:4)
  3 wights (D:7)
  2 howler monkeys
  A crimson imp (D:9)
  A bombardier beetle (D:4)
  4 gnoll boudas
  2 hounds
  3 orc priests
  An iron imp (D:9)
  2 iguanas
  Natasha (D:4)
  10 orc wizards
  18 gnolls
  8 adders
  A shadow imp (D:9)
  A white imp (D:9)
  2 dart slugs (D:2)
  5 ribbon worms
  22 orcs
  7 endoplasms
  3 giant cockroaches
  4 goblins
  5 hobgoblins
  3 jackals (D:5)
  15 kobolds
  3 quokkas
  7 ball pythons
  3 bats
  A frilled lizard (D:1)
  4 rats
182 creatures vanquished.

Vanquished Creatures (others)
  A swamp drake (D:9)
  3 orc wizards (D:9)
  6 orcs (D:9)
10 creatures vanquished.

Grand Total: 192 creatures vanquished

Notes
Turn   | Place    | Note
-------+----------+-------------------------------------------
     0 | D:1      | DasBelly the Draconian Shapeshifter began the quest for the
                  | Orb.
     0 | D:1      | Reached XP level 1. HP: 16/16 MP: 1/1
   372 | D:1      | Reached XP level 2. HP: 22/23 MP: 2/2
   822 | D:1      | Reached XP level 3. HP: 24/28 MP: 3/3
  1151 | D:2      | Reached skill level 4 in Unarmed Combat
  1355 | D:2      | Found Lag Mofeu's Weapon Emporium.
  1623 | D:3      | Reached XP level 4. HP: 35/35 MP: 4/4
  1870 | D:3      | Found a faded altar of an unknown god.
  2041 | D:3      | Identified the +4 ring mail of Integrity {+Blink Str+4
                  | Int+3}
  2385 | D:4      | Noticed Grinder
  2405 | D:4      | HP: 1/35 [Grinder (6)]
  2408 | D:4      | Killed Grinder
  2409 | D:4      | Reached skill level 6 in Unarmed Combat
  2409 | D:4      | Reached XP level 5. HP: 17/40 MP: 5/5
  2409 | D:4      | Reached XP level 6. HP: 21/47 MP: 6/6
  2412 | D:4      | Noticed a hornet
  2594 | D:4      | Paralysed by a hornet for 1 turns
  2598 | D:4      | Killed a hornet
  2599 | D:4      | Reached skill level 7 in Unarmed Combat
  2599 | D:4      | Your scales start taking on an icy white colour.
  2599 | D:4      | Reached XP level 7. HP: 52/52 MP: 7/7
  2599 | D:4      | Gained mutation: Your flesh is cold resistant. (rC+) [White
                  | Draconian growth]
  2645 | D:4      | Learned a level 3 spell: Frozen Ramparts
  2649 | D:4      | Learned a level 3 spell: Hailstorm
  2826 | D:4      | Found a staircase to the Ecumenical Temple.
  2836 | Temple   | Entered the Ecumenical Temple
  2937 | Temple   | Became a worshipper of Gozag Ym Sagoz the Greedy
  3145 | D:4      | Noticed Blork the orc
  3159 | D:4      | Killed Blork the orc
  3160 | D:4      | Reached skill level 5 in Shapeshifting
  3284 | D:4      | Noticed Natasha
  3294 | D:4      | Killed Natasha
  3480 | D:5      | Entered Level 5 of the Dungeon
  3676 | D:5      | Found Naptagri's Jewellery Shoppe.
  4016 | D:6      | Got the Compendium of Misery and Direction
  4261 | D:6      | Reached XP level 8. HP: 59/59 MP: 8/8
  4544 | D:6      | Identified the +7 quarterstaff "Hicrog" {antimagic, rElec
                  | Int+4}
  4995 | D:7      | Reached skill level 8 in Unarmed Combat
  5367 | D:8      | Noticed a two-headed ogre
  5399 | D:8      | Found an ancient bone altar of Kikubaaqudgha.
  5399 | D:8      | Found a broken altar of Ashenzari.
  5399 | D:8      | Found a blossoming altar of Fedhas.
  5521 | D:8      | Reached skill level 9 in Unarmed Combat
  5987 | D:8      | Reached XP level 9. HP: 38/67 MP: 9/9
  6306 | D:7      | Reached skill level 1 in Shields
  6632 | D:8      | Reached skill level 10 in Unarmed Combat
  6762 | D:8      | Found Olloa's General Store.
  6770 | D:8      | Bought a potion of curing for 33 gold pieces
  6958 | D:8      | Found a staircase to the Lair.
  7164 | D:8      | Found a snail-covered altar of Cheibriados.
  7165 | D:8      | Found a shadowy altar of Dithmenos.
  7382 | D:9      | Reached skill level 5 in Fighting
  7444 | D:9      | Reached skill level 5 in Dodging
  7542 | D:9      | Found a transporter.
  7545 | D:9      | Found a transporter.
  7546 | D:9      | Found a corrupted altar of Lugonu.
  7618 | D:9      | Reached XP level 10. HP: 62/81 MP: 10/10
  8283 | D:9      | Noticed a deep elf pyromancer
  8292 | D:9      | Killed a deep elf pyromancer
  8292 | D:9      | Noticed a deep elf pyromancer
  8321 | D:9      | Killed a deep elf pyromancer
  8782 | D:9      | Identified the +1 hat "Veppus" {-Cast Rampage rElec rPois}
  8907 | D:9      | Reached skill level 5 in Ice Magic
  8933 | D:9      | Noticed a large abomination
  8933 | D:9      | Noticed a red ugly thing
  8935 | D:9      | Noticed a purple ugly thing
  9001 | D:10     | Entered Level 10 of the Dungeon
  9032 | D:10     | Slain by a vampire

Illustrated notes

Levels and vault maps discovered:
D:1:      matt_arrival_los_fun, layout_loops_ring, nicolae_figureground_sparkle
D:2:      layout_loops_cross, serial_shops, shop
D:3:      layout_basic, shapermc_ecumenical_altar_mp_ritualfount
D:4:      layout_loops_ring, minmay_temple_entry_antechambers, uniq_grinder,
          uniq_natasha, uniq_blork_the_orc
D:5:      layout_rooms, serial_shops, shop
D:6:      layout_cave_pools
D:7:      layout_rooms
D:8:      layout_basic, grunt_temple_overflow_open, minmay_lair_entry_grove,
          serial_shops, shop
D:9:      gammafunk_corrupted_shrine, layout_loops_ring, minivault_1,
          hangedman_minor_magic
D:10:     layout_basic, xom_redecorated, nicolae_trove_entry_path_of_doom,
          eino_house_with_fridge
Temple:   minmay_temple_bridge_d

Skill      XL: |  1  2  3  4  5  6  7  8  9 10 |
---------------+-------------------------------+-----
Unarmed Combat | 4 6 7 9 10 | 10.0
Shapeshifting  | 4 6 7 |  7.0
Dodging        | 3 5 6 |  6.0
Fighting       | 5 8 |  8.0
Shields        | 4 |  4.0
Ice Magic      | 6 |  6.0

Action                     |  1- 3 |  4- 6 |  7- 9 | 10-12 || total
---------------------------+-------+-------+-------+-------++-------
  Melee: Unarmed           |    97 |    56 |   332 |   144 ||   629
         Tailslap          |    13 |     6 |    50 |    20 ||    89
         Punch             |     3 |     2 |    11 |       ||    16
Ability: Breathe Frost     |       |       |     3 |       ||     3
  Evoke: Wand              |       |       |       |     1 ||     1
    Use: Scroll            |       |     8 |     8 |       ||    16
         Potion            |       |     3 |     2 |     3 ||     8
   Stab: Sleeping          |     2 |       |     1 |       ||     3
         Distracted        |       |       |     2 |       ||     2
 Armour: Skin              |    58 |    37 |   155 |    53 ||   303
  Dodge: Dodged            |    50 |    18 |   174 |    67 ||   309
  Block: Buckler           |       |       |    16 |       ||    16
   Form: Flux              |       |       |     1 |       ||     1
